Map: Orbital Shipyard

Players

benblaze

  • Race: Zerg Zerg
  • League: Gold

Javert - Winner!

  • Race: Zerg Zerg
  • League: Gold

VOD

Have the link to the VOD?

Description

Time

  • Played on: Sept. 5, 2015, 9:49 p.m.
  • Length: 8:16
Show
View Real Time Build Order
Export as new Build Order

benblaze Zerg 

Build Orders: Hatch First 

Get SALT Encoding   

  12  0:00  Drone  
  13  0:10  Drone  
  14  0:17  Extractor  
  14  0:18  Drone  
  15  0:39  Hatchery  
  14  0:43  Extractor  
  14  0:44  Drone  
  14  0:49  Overlord  
  15  1:05  Spawning Pool  
  15  1:08  Drone  
  15  1:11  Drone  
  16  1:14  Drone  
  17  1:20  Drone  
  18  1:30  Drone  
  19  1:47  Drone  
  19  1:52  Queen  
  19  1:53  Queen  
  24  1:54  Zergling x2  
  25  2:02  Overlord  
  25  2:18  Drone x2  
  25  2:20  Drone  
  28  2:25  Hatchery, Drone  
  28  2:27  Extractor  
  28  2:29  Drone, Extractor  
  27  2:42  Drone  
  28  2:46  Drone x2  
  29  3:10  Overlord  
  30  3:12  Drone  
  30  3:13  Drone x6  
  30  3:15  Overlord  
  36  3:32  Drone  
  36  3:33  Drone  
  38  3:37  Lair  
  38  3:38  Metabolic Boost  
  38  3:42  Drone  
  38  3:43  Drone  
  38  3:45  Drone x2  
  38  3:47  Queen  
  44  3:49  Drone  
  44  3:50  Drone  
  44  3:52  Queen  
  48  3:58  Roach Warren  
  47  4:03  Evolution Chamber  
  46  4:12  Drone x2  
  46  4:14  Evolution Chamber  
  46  4:15  Drone x2  
  46  4:16  Drone  
  50  4:18  Extractor  
  50  4:21  Extractor  
  50  4:23  Drone  
  50  4:24  Drone  
  50  4:28  Drone  
  50  4:29  Drone x2  
  53  4:37  Glial Reconstitution  
  53  4:40  Zerg Ground Armor Level 1  
  53  4:43  Zerg Missile Weapons Level 1  
  53  4:51  Overlord  
  53  4:52  Drone  
  54  5:02  Zergling x2  
  54  5:03  Zergling x6  
  54  5:05  Overlord  
  54  5:06  Overlord  
  58  5:09  Overseer  
  58  5:22  Drone x2  
  58  5:23  Drone x4  
  58  5:26  Extractor  
  63  5:30  Hydralisk Den  
  63  5:33  Drone x3  
  63  5:34  Drone, Zergling x2  
  63  5:35  Zergling x6  
  70  5:36  Roach  
  70  5:38  Drone x2  
  70  5:39  Drone  
  75  5:52  Roach x2  
  75  5:53  Roach  
  75  5:55  Overlord x2  
  81  6:00  Lurker Den  
  81  6:10  Drone  
  82  6:11  Overlord  
  82  6:12  Overlord x2, Extractor  
  81  6:29  Drone x3  
  82  6:37  Roach x6  
  82  6:38  Roach  
  90  6:42  Hydralisk  
  90  6:43  Hydralisk x9  
  90  6:45  Zergling x4  
  90  6:46  Zergling x2  
  90  7:14  Zergling x2  
  90  7:15  Hydralisk, Zergling x14  
  78  7:16  Hydralisk x3  
  77  7:28  Zergling x4  
Show
View Real Time Build Order
Export as new Build Order

Javert Zerg - Winner!

Build Orders: Pool First 

Get SALT Encoding   

  12  0:01  Drone  
  13  0:14  Overlord  
  13  0:18  Drone  
  14  0:32  Drone x2  
  16  0:37  Drone  
  17  0:47  Spawning Pool  
  17  0:48  Drone  
  17  0:58  Drone  
  18  1:13  Hatchery  
  18  1:16  Drone  
  18  1:22  Extractor  
  17  1:35  Roach Warren, Queen  
  17  1:39  Drone  
  19  1:41  Drone  
  20  1:49  Overlord  
  20  2:17  Roach x2  
  20  2:21  Roach  
  26  2:27  Queen  
  28  2:33  Drone x2  
  30  2:42  Drone x3  
  33  2:54  Queen  
  33  2:56  Overlord  
  35  3:08  Overlord  
  35  3:13  Drone  
  35  3:19  Drone x4  
  40  3:39  Drone  
  40  3:40  Drone x6  
  47  3:48  Overlord  
  47  3:54  Overlord  
  47  3:56  Hatchery  
  47  4:02  Drone x4  
  50  4:03  Drone  
  50  4:06  Extractor  
  50  4:08  Extractor x2  
  48  4:16  Overlord  
  48  4:17  Overlord  
  48  4:29  Drone x4  
  52  4:31  Lair  
  52  4:33  Evolution Chamber  
  51  4:39  Drone x3  
  51  4:40  Drone  
  55  4:52  Roach  
  61  4:53  Roach x3  
  61  4:59  Zerg Missile Weapons Level 1  
  63  5:05  Roach  
  63  5:06  Roach x3  
  71  5:12  Overlord x2  
  71  5:16  Roach  
  73  5:25  Roach x3  
  73  5:26  Roach  
  81  5:33  Glial Reconstitution  
  81  5:39  Roach x3  
  81  5:40  Roach  
  89  5:45  Overseer  
  89  5:52  Roach x4  
  97  5:59  Overlord x2  
  97  6:08  Roach  
  97  6:09  Roach x3  
  105  6:18  Hydralisk Den  
  104  6:21  Overseer  
  104  6:23  Roach x3  
  104  6:24  Roach  
  108  6:49  Roach  
  108  6:50  Roach x2  
  108  6:52  Overlord x2  
  110  7:07  Roach x4  
  96  7:24  Roach  
  96  7:26  Overlord x2  
  96  7:33  Overlord x2  
  96  7:34  Drone x5  
  96  7:35  Drone x4  
  96  7:36  Overlord x3  
  87  7:50  Roach x6  
  87  8:00  Drone  
  87  8:01  Drone x5  
Tags
 
Add a new tag
Caveats
  • Supply blocks, unpowered buildings, or Contaminate may cause inaccurate times.
  • Supply counts are checked every 10 seconds.